 Dungeon Crawl Stone Soup version 0.31.0-11-ge490571c62 (webtiles) character file.

Game seed: 5667823168832874786

1094 Pooter the Cleaver (level 8, 0/105 HPs)
             Began as a Minotaur Berserker on Jan 27, 2024.
             Was a Believer of Trog.
             Slain by Prince Ribbit (14 damage)
             ... on level 4 of the Dungeon.
             The game lasted 00:16:10 (4346 turns).

Pooter the Cleaver (Minotaur Berserker)             Turns: 4346, Time: 00:16:11

Health: 0/105      AC:  8    Str: 24    XL:     8   Next: 10%
Magic:  7/7        EV: 10    Int:  4    God:    Trog [**....]
Gold:   248        SH:  0    Dex: 10    Spells: 7/7 levels left

rFire   . . .        a - +0 battleaxe
rCold   . . .        (shield currently unavailable)
rNeg    . . .        d - +0 scale mail
rPois   +            (helmet restricted)
rElec   .            v - +0 cloak {rPois}
rCorr   .            m - +0 pair of gloves
SInv    .            (no boots)
Will    .....        (no amulet) Stlth
                     (no ring)
HPRegen 0.37/turn    (no ring)
MPRegen 0.10/turn

%: no passive effects
@: berserking, very quick
A: horns 2, retaliatory headbutt
a: Renounce Religion, Berserk, Trog's Hand


You were on level 4 of the Dungeon.
You worshipped Trog.
Trog was pleased with you.
You visited 1 branch of the dungeon, and saw 5 of its levels.

You collected 248 gold pieces.

Inventory:

Hand Weapons
 a - a +0 battleaxe (weapon)
   (You found it on level 4 of the Dungeon)
 b - a +0 sling of freezing
   (You found it on level 4 of the Dungeon)
 p - a +4 quarterstaff of chaos
   (You took it off Crazy Yiuf on level 4 of the Dungeon)
 u - a +0 trident
   (You found it on level 4 of the Dungeon)
Missiles
 i - 9 poisoned darts
 n - 3 boomerangs (quivered)
 Q - 62 stones
Armour
 d - a +0 scale mail (worn)
   (You found it on level 3 of the Dungeon)
 m - a +0 pair of gloves (worn)
   (You found it on level 3 of the Dungeon)
 v - a +0 cloak of poison resistance (worn)
   (You took it off Crazy Yiuf on level 4 of the Dungeon)
Wands
 f - a wand of flame (16)
   (You found it on level 3 of the Dungeon)
Scrolls
 e - a scroll of enchant armour {unknown}
 h - 2 scrolls of enchant weapon {unknown}
 j - a scroll of fear {unknown}
 k - 2 scrolls of brand weapon {unknown}
 r - 2 scrolls of noise {unknown}
 t - a scroll of teleportation {@r4}
Potions
 c - 2 potions of mutation {unknown}
 g - 2 potions of might {unknown}
 l - a potion of curing {@q1}
 o - a potion of cancellation {unknown}
 q - a potion of lignification {unknown}
 s - a potion of haste {unknown}


   Skills:
 + Level 6.3 Fighting
 * Level 8.2 Axes
 * Level 6.0 Ranged Weapons
 - Level 1.1 Throwing
 - Level 2.4 Armour
 - Level 2.1 Dodging


You had 7 spell levels left.
You didn't know any spells.
Your spell library was empty.

Dungeon Overview and Level Annotations

Branches:
Dungeon (5/15) Zot: 25568
 Temple: D:4-7

Altars:
Elyvilon
Kikubaaqudgha
Makhleb
Nemelex Xobeh
Trog
Xom
Yredelemnul
The Shining One

Shops:
D:5 (

Annotations:
D:4 Prince Ribbit


Innate Abilities, Weirdness & Mutations

You have a pair of horns on your head.
You reflexively headbutt those who attack you in melee.


Message History

You see here a +0 scale mail.
There is a stone staircase leading down here.
Found 15 gold pieces.
A gnoll comes into view. It is wielding a +0 flail.
a - a +0 battleaxe (weapon)
A gnoll sergeant comes into view. It is wielding a +0 spear.
The gnoll sergeant shouts!
You hear a shout! x2
A gnoll comes into view. It is wielding a +0 vampiric spear.
The gnoll sergeant hits you from afar with a +0 spear!
You hear a croak.
Prince Ribbit and a gnoll come into view.
Found 8 gold pieces.
Prince Ribbit gives a loud, deep croak!
The gnoll shouts!
You hear a shout!
A gnoll comes into view. It is wielding a +0 whip.
The gnoll completely misses you.
The gnoll sergeant completely misses you.
Okay, then.
Prince Ribbit blinks!
Prince Ribbit attacks as he pursues you!
Prince Ribbit hits you.
Prince Ribbit hops awkwardly around.
Prince Ribbit attacks as he pursues you!
Prince Ribbit hits you!
Prince Ribbit attacks as he pursues you!
Prince Ribbit barely misses you. x2; You furiously retaliate!
You headbutt Prince Ribbit!
Prince Ribbit attacks as he pursues you!
Prince Ribbit hits you. x2
Prince Ribbit croaks regally.
There is a stone staircase leading up here.
Prince Ribbit hits you! Prince Ribbit barely misses you.
You climb upwards.
There is a stone staircase leading down here.
A red film seems to cover your vision as you go berserk!
You feel yourself moving faster!
You feel mighty!
Prince Ribbit hits you but does no damage.
You miss Prince Ribbit.
Prince Ribbit hops awkwardly around.
Prince Ribbit hits you!
* * * LOW HITPOINT WARNING * * *
You slash Prince Ribbit! You headbutt Prince Ribbit! Prince Ribbit hits you!
* * * LOW HITPOINT WARNING * * *
You barely miss Prince Ribbit. Prince Ribbit barely misses you.
Prince Ribbit hits you!
* * * LOW HITPOINT WARNING * * *
You miss Prince Ribbit. Prince Ribbit hits you!
You die...

#.## ##..#### ##.##
##.###....## ##.#.##
##.#......## #.###.# #
##........## #..#.##
####.........###....##
...')........'.......#
####.........###...>##
..###.......## #.#.##
#.# ##.....## ##@###
#.# ##...## ##.F.#####
#.# ##'## #.#......#
..# #.# ##.#.###.# #.#
#.# ####.####.# #.#
##.## #......##.#
#.#####...###.####.##.#
....##.....##.####.##.#
#.#.###...###.##......#


You could see Prince Ribbit.

Vanquished Creatures
  Sigmund (D:4)
  3 black bears (D:4)
  A centaur (D:5)
  An ogre (D:5)
  A gnoll bouda (D:5)
  An orc priest (D:4)
  Crazy Yiuf (D:4)
  A jelly (D:5)
  A sleepcap (D:5)
  Natasha (twice) (D:2)
  An iguana (D:4)
  4 orc wizards
  7 gnolls
  4 adders
  4 ufetubi
  2 dart slugs
  A ribbon worm (D:4)
  5 orcs
  9 ball pythons
  5 endoplasms
  4 giant cockroaches
  4 goblins
  A hobgoblin (D:2)
  10 jackals
  4 quokkas
  5 frilled lizards
  5 kobolds
  5 rats
93 creatures vanquished.

Notes
Turn   | Place    | Note
-------+----------+-------------------------------------------
     0 | D:1      | Pooter the Minotaur Berserker began the quest for the Orb.
     0 | D:1      | Reached XP level 1. HP: 19/19 MP: 0/0
   103 | D:1      | Reached skill level 4 in Axes
   123 | D:1      | Reached XP level 2. HP: 22/27 MP: 1/1
   665 | D:1      | Reached skill level 1 in Throwing
  1181 | D:2      | Reached ** piety under Trog
  1193 | D:2      | Reached XP level 3. HP: 27/33 MP: 2/2
  1286 | D:2      | Found a glowing golden altar of the Shining One.
  1436 | D:2      | Noticed Natasha
  1442 | D:2      | Killed Natasha
  1443 | D:2      | Reached skill level 1 in Ranged Weapons
  1443 | D:2      | Reached XP level 4. HP: 40/40 MP: 3/3
  1706 | D:2      | Found a faded altar of an unknown god.
  1787 | D:2      | Noticed Natasha
  1791 | D:2      | Killed Natasha
  1792 | D:2      | Reached skill level 5 in Axes
  2145 | D:3      | Found a sparkling altar of Nemelex Xobeh.
  2169 | D:3      | Reached XP level 5. HP: 36/47 MP: 4/4
  2204 | D:3      | Found an ancient bone altar of Kikubaaqudgha.
  2426 | D:3      | Found a basalt altar of Yredelemnul.
  2587 | D:4      | Found a white marble altar of Elyvilon.
  2632 | D:4      | Reached skill level 6 in Axes
  2632 | D:4      | Reached XP level 6. HP: 55/55 MP: 5/5
  2704 | D:4      | Reached skill level 5 in Fighting
  2851 | D:4      | Found a runed translucent door.
  2852 | D:4      | Noticed Crazy Yiuf
  3120 | D:4      | Found a bloodstained altar of Trog.
  3229 | D:4      | Noticed Sigmund
  3249 | D:4      | Killed Sigmund
  3250 | D:4      | Reached skill level 7 in Axes
  3250 | D:4      | Reached XP level 7. HP: 61/61 MP: 6/6
  3360 | D:4      | Found a shimmering altar of Xom.
  3361 | D:4      | Found a burning altar of Makhleb.
  3452 | D:4      | Reached skill level 5 in Ranged Weapons
  3761 | D:4      | Killed Crazy Yiuf
  3843 | D:5      | Entered Level 5 of the Dungeon
  3986 | D:5      | Found Kaukloh's Antique Weapon Boutique.
  4013 | D:5      | Reached skill level 8 in Axes
  4013 | D:5      | Reached XP level 8. HP: 70/70 MP: 7/7
  4326 | D:5      | Noticed Prince Ribbit
  4346 | D:4      | Slain by Prince Ribbit

Illustrated notes

Levels and vault maps discovered:
D:1:      minmay_arrival_semitransparent, layout_loops_ring,
          minmay_misc_feat_room, chequers_serial_rivers_small_3
D:2:      layout_loops_cross, hellmonk_ecumenical_altar_inner_sanctum,
          basic_altar, nicolae_concentric_dashed_squares_mild, uniq_natasha
D:3:      layout_loops_ring, mainiacjoe_overflow_small_starburst,
          nicolae_overflow_crystal_walls, kiku_gazebo_pond_becter
D:4:      layout_loops_corners, lemuel_tele_altar, trog_ov_bears_minmay,
          kennysheep_mini_moat, general_overflow_altar, grunt_ministairs_3,
          uniq_crazy_yiuf_cottage, uniq_sigmund
D:5:      minmay_razor_zed, layout_loops_ring, lemuel_coloured_pillars_altar,
          serial_shops, nicolae_inconvenience_store, uniq_prince_ribbit1,
          uniq_duvessa

Skill      XL: |  1  2  3  4  5  6  7  8 |
---------------+-------------------------+-----
Axes           | 4 5 6 7 8 |  8.2
Fighting       | 4 5 6 |  6.3
Throwing       | 1 |  1.1
Ranged Weapons | 1 2 3 4 5 6 |  6.0
Armour         | |  2.4
Dodging        | |  2.1

Action                     |  1- 3 |  4- 6 |  7- 9 || total
---------------------------+-------+-------+-------++-------
  Melee: Hand axe          |    81 |    99 |     6 ||   186
         Headbutt          |     5 |    18 |    10 ||    33
         Punch             |       |     1 |       ||     1
         Battleaxe         |       |       |    32 ||    32
         Trident           |       |       |    12 ||    12
   Fire: Sling             |    19 |       |     9 ||    28
  Throw: Stone             |       |     6 |       ||     6
         Dart              |       |     1 |       ||     1
 Invoke: Berserk           |     1 |     3 |     3 ||     7
         Trog's Hand       |       |     3 |     1 ||     4
    Use: Scroll            |     1 |     2 |       ||     3
         Potion            |       |     1 |       ||     1
 Armour: Ring mail         |    57 |     8 |       ||    65
         Animal skin       |     5 |       |       ||     5
         Scale mail        |       |    65 |    44 ||   109
  Dodge: Dodged            |    49 |    56 |    32 ||   137
